 Dungeon Crawl Stone Soup version 0.21.1-1-g345015fe64 (webtiles) character file.

88 Lothor the Poker (level 4, -3/35 HPs)
             Began as a Formicid Fighter on Mar 21, 2018.
             Slain by VanClaymore's ghost (6 damage)
             ... on level 3 of the Dungeon.
             The game lasted 00:04:58 (2388 turns).

Lothor the Poker (Formicid Fighter)                 Turns: 2388, Time: 00:04:59

Health: -3/35      AC:  6    Str: 21    XL:     4   Next: 82%
Magic:  4/4        EV:  7    Int:  8    God:
Gold:   79         SH:  9    Dex: 10    Spells: 3/3 levels left

rFire    . . .     SeeInvis +   a - +0 trident
rCold    . . .     Gourm    .   c - +0 shield
rNeg     . . .     Faith    .   b - +0 scale mail
rPois    .         Spirit   .   (helmet unavailable)
rElec    .         Reflect  .   (no cloak)
rCorr    .         Harm     .   (no gloves)
MR       .....                  (no boots)
Stlth    ..........             (no amulet)
HPRegen  0.11/turn              (no ring)
MPRegen  0.09/turn              (no ring)

@: no status effects
A: permanent stasis, dig shafts and tunnels, four strong arms, antennae 3
a: Dig, Shaft Self


You were on level 3 of the Dungeon.
You were not hungry.

You visited 1 branch of the dungeon, and saw 3 of its levels.

You collected 79 gold pieces.

Inventory:

Hand Weapons
 a - a +0 trident (weapon)
Missiles
 g - 51 arrows
 m - a throwing net (quivered)
 p - 7 javelins
 q - 13 stones
Armour
 b - a +0 scale mail (worn)
 c - a +0 shield (worn)
Jewellery
 i - an uncursed ring of poison resistance {unknown}
Wands
 r - a wand of clouds (5)
Scrolls
 e - a scroll of blinking {unknown}
 j - 4 scrolls of teleportation {unknown}
 n - a scroll of identify {unknown}
Potions
 d - 3 potions of might
 h - a potion of heal wounds {unknown}
 k - 2 potions of agility {unknown}
 o - a potion of brilliance {unknown}
Comestibles
 f - 5 rations
 l - 5 chunks of flesh


   Skills:
 - Level 3.2 Fighting
 + Level 4.6 Polearms
 - Level 3.2 Armour
 - Level 3.6 Shields


You had 3 spell levels left.
You didn't know any spells.

Dungeon Overview and Level Annotations

Branches:
Dungeon (3/15)

Altars:

Annotations:
D:3 VanClaymore's ghost, amateur GrMo


Innate Abilities, Weirdness & Mutations

You cannot be hasted, slowed, berserked, paralysed or teleported.
You can dig through walls and to a lower floor.
Your four strong arms can wield two-handed weapons with a shield.
You have a pair of large antennae on your head. (SInv)


Message History

VanClaymore's ghost is severely damaged.
VanClaymore's ghost hits you but does no damage.
The crimson imp blinks!
You hit VanClaymore's ghost but do no damage.
VanClaymore's ghost is severely damaged.
VanClaymore's ghost barely misses you.
You hit VanClaymore's ghost.
VanClaymore's ghost is severely damaged.
VanClaymore's ghost barely misses you.
You closely miss VanClaymore's ghost.
VanClaymore's ghost is severely damaged.
VanClaymore's ghost barely misses you.
You hit VanClaymore's ghost.
VanClaymore's ghost is severely damaged.
VanClaymore's ghost hits you but does no damage.
You block VanClaymore's ghost's attack.
You hit VanClaymore's ghost.
VanClaymore's ghost is severely damaged.
VanClaymore's ghost hits you.
You die...

...≈...#
...... #+##
..... #.@#
.... ##W## #..
#..# #.#
##.####.#
#.......#
####.......#
#..........#
#..........#
#..........###


You could see VanClaymore's ghost.

Vanquished Creatures
  4 adders
  An ooze (D:1)
  A dart slug (D:1)
  A leopard gecko (D:1)
  A ball python (D:2)
  3 giant cockroaches
  7 hobgoblins
  4 jackals (D:2)
  A quokka (D:2)
  8 bats
  2 frilled lizards
  6 goblins
  4 kobolds
  3 rats (D:2)
46 creatures vanquished.

Notes
Turn   | Place    | Note
-------+----------+-------------------------------------------
     0 | D:1      | Lothor the Formicid Fighter began the quest for the Orb.
     0 | D:1      | Reached XP level 1. HP: 18/18 MP: 1/1
    29 | D:1      | Reached XP level 2. HP: 23/24 MP: 2/2
   485 | D:1      | Reached skill level 3 in Polearms
   643 | D:1      | Reached XP level 3. HP: 29/29 MP: 3/3
  1536 | D:2      | Reached skill level 4 in Polearms
  1536 | D:2      | Reached XP level 4. HP: 30/35 MP: 4/4
  2348 | D:3      | Noticed VanClaymore's ghost (amateur GrMo)
  2388 | D:3      | Slain by VanClaymore's ghost

Skill      XL: |  1  2  3 |
---------------+----------+-----
Polearms       | 3 4 |  4.6
Fighting       | |  3.2
Armour         | |  3.2
Shields        | |  3.6

Action                   |  1- 3 |  4- 6 || total
-------------------------+-------+-------++-------
Melee: Trident           |   113 |   107 ||   220
  Eat: Chunk             |     2 |     3 ||     5
Armor: Scale mail        |    48 |    37 ||    85
Dodge: Dodged            |    31 |    39 ||    70
Block: Shield            |    48 |    55 ||   103
